 Seeded DCSS version 0.26.1-13-g052cdd8df3 (webtiles) character file.

Game seed: 20220117 (custom seed)

23 cyrus the Grave Robber (level 2, -4/19 HPs)
             Began as a Vampire Necromancer on Jan 17, 2022.
             Killed from afar by Sigmund (10 damage)
             ... with a puff of flame
             ... on level 2 of the Dungeon.
             The game lasted 00:08:11 (512 turns).

cyrus the Grave Robber (Vampire Necromancer)         Turns: 512, Time: 00:08:19

Health: -4/19      AC:  6    Str:  7    XL:     2   Next: 72%
Magic:  5/5        EV:  8    Int: 17    God:
Gold:   34         SH:  0    Dex: 14    Spells: 3/5 levels left

rFire    . . .     SeeInvis +   f - +0 short sword
rCold    . . .     Faith    .   (no shield)
rNeg     . . .     Spirit   .   b - +0 scale mail
rPois    .         Reflect  .   (no helmet)
rElec    .         Harm     .   (no cloak)
rCorr    .         Rampage  .   (no gloves)
Will     .....                  (no boots)
Stlth    +.........             (no amulet)
HPRegen  0.26/turn              (no ring)
MPRegen  0.09/turn              (no ring)

@: regenerating quickly
A: fangs 3, see invisible, unbreathing
a: Exsanguinate


You were on level 2 of the Dungeon.
You visited 1 branch of the dungeon, and saw 2 of its levels.

You collected 34 gold pieces.

Inventory:

Hand Weapons
 f - a +0 short sword (weapon)
Missiles
 h - 6 boomerangs
Armour
 a - a +0 robe
 b - a +0 scale mail (worn)
Scrolls
 c - a scroll of identify {unknown}
 e - a scroll of magic mapping {unknown}
 g - a scroll of teleportation {unknown}
 i - a scroll of fog {unknown}
Potions
 d - a potion of mutation {unknown}
 j - a potion of lignification {unknown}


   Skills:
 + Level 0.2 Short Blades
 + Level 2.3 Dodging
 + Level 3.0 Stealth
 + Level 2.0 Spellcasting
 + Level 5.1 Necromancy


You had 3 spell levels left.
You knew the following spells:

 Your Spells              Type           Power        Failure   Level
a - Pain                  Necr           76%          30%         1
b - Animate Skeleton      Necr           38%          30%         1

Your spell library contained the following spells:

 Spells                   Type           Power        Failure   Level
 Vampiric Draining        Necr           9%           67%         3
 Animate Dead             Necr           9%           97%         4
 Agony                    Necr           19%          100%        5


Dungeon Overview and Level Annotations

Branches:
Dungeon (2/15)

Altars:

Annotations:
D:2 Sigmund


Innate Abilities, Weirdness & Mutations

Your natural rate of healing is unusually fast.
You have razor-sharp teeth.
You have supernaturally acute eyesight. (SInv)
You can survive without breathing.


Message History

Sigmund casts a spell at you. The magic dart hits you!
You hit the worm but do no damage. Sigmund hits you but does no damage.
The worm barely misses you.
You hit the worm. You bite the worm, but do no damage.
The worm is lightly wounded.
Sigmund barely misses you.
You barely miss the worm. You bite the worm, but do no damage.
The worm is lightly wounded.
The worm barely misses you.
You hit Sigmund.
Sigmund is lightly wounded.
Sigmund barely misses you.
You barely miss Sigmund.
Sigmund is lightly wounded.
The worm bites you. Sigmund casts a spell at you. The puff of flame hits you!
Ouch! That really hurt!
You die...

#########
#.......#
#.......#
#.......#
#...w...#
#.<@@...#
#.......#
#.......#
####.####
.# .. ..#
..#


You could see Sigmund and a worm.

Vanquished Creatures
  2 dart slugs (D:1)
  2 leopard geckos (D:1)
  A hobgoblin (D:1)
  2 kobolds (D:1)
  2 frilled lizards (D:1)
  6 rats (D:1)
15 creatures vanquished.

Vanquished Creatures (collateral kills)
  An ooze (D:1)
1 creature vanquished.

Vanquished Creatures (others)
  4 plants (D:1)
4 creatures vanquished.

Grand Total: 20 creatures vanquished

Notes
Turn   | Place    | Note
-------+----------+-------------------------------------------
     0 | D:1      | cyrus the Vampire Necromancer began the quest for the Orb.
     0 | D:1      | Reached XP level 1. HP: 13/13 MP: 3/3
     3 | D:1      | Learned a level 1 spell: Animate Skeleton
   295 | D:1      | Reached XP level 2. HP: 19/19 MP: 5/5
   406 | D:1      | Reached skill level 5 in Necromancy
   502 | D:2      | Noticed Sigmund
   512 | D:2      | Killed from afar by Sigmund

Illustrated notes

Levels and vault maps discovered:
D:1:      onia_arrival_handbag, layout_basic, minmay_misc_feat_x,
          serial_bayou_lake_a
D:2:      minmay_thinvault, layout_basic, uniq_sigmund

Skill      XL: |  1  2 |
---------------+-------+-----
Necromancy     | 5 |  5.1
Short Blades   | |  0.2
Dodging        | |  2.3
Stealth        | |  3.0
Spellcasting   | |  2.0

Action                   || total
-------------------------++-------
Melee: Unarmed           ||    30
       Short sword       ||    57
       Bite              ||     9
 Cast: Animate Skeleton  ||     5
       Pain              ||     1
Armor: Scale mail        ||    17
       Robe              ||     2
Dodge: Dodged            ||    32
